 Dungeon Crawl Stone Soup version 0.29.1-15-g9cfb28693d (webtiles) character file.

Game seed: 2027571692522015928

478 Sanktem7 the Trooper (level 6, -4/58 HPs)
             Began as a Minotaur Fighter on Feb 25, 2023.
             Was an Initiate of Trog.
             Slain by a gnoll
             ... wielding a +0 halberd
              (7 damage)
             ... on level 5 of the Dungeon.
             The game lasted 00:06:16 (4621 turns).

Sanktem7 the Trooper (Minotaur Fighter)             Turns: 4621, Time: 00:06:17

Health: -4/58      AC:  8    Str: 23    XL:     6   Next: 86%
Magic:  5/5        EV:  9    Int:  5    God:    Trog [......]
Gold:   301        SH:  4    Dex:  9    Spells: 5/5 levels left

rFire   . . .      SeeInvis .   a - +0 war axe {axe}
rCold   . . .      Faith    .   c - +0 buckler
rNeg    . . .      Spirit   .   b - +0 scale mail
rPois   .          Reflect  .   (helmet restricted)
rElec   .          Harm     .   (no cloak)
rCorr   .          Rampage  .   (no gloves)
Will    .....                   p - +0 pair of boots
Stlth   ..........              (no amulet)
HPRegen 0.19/turn               (no ring)
MPRegen 0.09/turn               (no ring)

@: no status effects
A: horns 2, retaliatory headbutt
a: Renounce Religion


You were on level 5 of the Dungeon.
You worshipped Trog.
Trog was noncommittal.
You visited 2 branches of the dungeon, and saw 7 of its levels.

You collected 301 gold pieces.


Innate Abilities, Weirdness & Mutations

You have a pair of horns on your head.
You reflexively headbutt those who attack you in melee.


   Skills:
 * Level 6.6 Fighting
 * Level 5.9 Axes
 + Level 5.2 Armour
 - Level 3.6 Shields


You had 5 spell levels left.
You didn't know any spells.
Your spell library contained the following spells:

 Spells                   Type           Power      Damage    Failure   Level
 Sting                    Tmut/Pois      0%         1d3       86%         1
 Poisonous Vapours        Pois/Air       0%         N/A       95%         2
 Static Discharge         Conj/Air       0%         3-3/arc   95%         2
 Ignite Poison            Fire/Tmut/Pois 0%         N/A       99%         3
 Mephitic Cloud           Conj/Pois/Air  0%         N/A       99%         3
 Olgreb's Toxic Radiance  Pois           0%         N/A       100%        4
 Freezing Cloud           Conj/Ice/Air   0%         6-21      100%        5
 Lightning Bolt           Conj/Air       0%         1d11      100%        5
 Maxwell's Capacitive Co  Air            0%         ∞         100%        8

Inventory:

Hand Weapons
 a - a +0 war axe (weapon) {axe}
Missiles
 g - 35 stones (quivered) {throwing}
 q - 2 atropa-tipped darts {throwing}
 u - 3 poisoned darts {throwing}
Armour
 b - a +0 scale mail (worn)
 c - a +0 buckler (worn)
 p - a +0 pair of boots (worn)
   (You found it on level 3 of the Dungeon)
Scrolls
 e - 6 scrolls of identify {unknown}
 f - a scroll of amnesia {unknown}
 j - 3 scrolls of teleportation {unknown}
 l - a scroll of torment {unknown}
 m - a scroll of summoning {unknown}
 o - a scroll of enchant weapon {unknown}
 s - a scroll of magic mapping {unknown}
 t - a scroll of fear {unknown}
Potions
 d - 3 potions of might
 h - a potion of degeneration {unknown}
 i - a potion of attraction {unknown}
 k - 4 potions of heal wounds {unknown}
 n - a potion of curing {unknown}
 r - a potion of brilliance {unknown}
 v - a potion of flight {unknown}
 w - a potion of berserk rage {unknown}

Dungeon Overview and Level Annotations

Branches:
Dungeon (6/15) Zot: 24826  Temple (1/1) D:5 Zot: 5660

Altars:
Cheibriados
Dithmenos
Elyvilon
Fedhas
Gozag
Hepliaklqana
Kikubaaqudgha
Nemelex Xobeh
Okawaru
Qazlal
Trog
Uskayaw
Vehumet
Wu Jian
Xom
Yredelemnul
The Shining One

Shops:
D:3

: .o..o ##.###.# .#Y#
#o##..# # #.##..##
#.###<.# ##.###..##
.#############..##....#
.[.......g...(.###....#
.......o.g...###......#
.......@o)...........##
###....####..........#
#.... #..........##
#.... #....####...##
#.... #...##.###...#
#.... #.....####....
#.... #...##........
#..# ###
##########..###.####..
...# ##..
............######...


You could see an orc priest, 2 gnolls and an orc.


Message History

You are too injured to fight recklessly!
You are too injured to fight recklessly!
You are too injured to fight recklessly!
You are too injured to fight recklessly!
You are too injured to fight recklessly!
You block the ufetubus's attack.
The ufetubus hits you but does no damage.
The hound closely misses you. The ufetubus barely misses you.
You furiously retaliate!
You headbutt the ufetubus!
You kill the ufetubus!
Trog accepts your kill. You block the gnoll's attack.
The gnoll barely misses you. The hound bites you.
You climb upwards.
There is a stone staircase leading down here. 😮 HP[-3]
You take 3 damage, and now have 39/58 hp.
You closely miss the hound. You block the hound's attack.
You slash the hound!
The hound bites you but does no damage. x2 😮 HP[+1]
You closely miss the hound. The hound bites you but does no damage.
The hound closely misses you.
You barely miss the hound. The hound barely misses you. x2
You closely miss the hound. Your headbutt misses the hound.
You block the hound's attack. The hound bites you but does no damage.
You hit the hound. You headbutt the hound.
The hound bites you but does no damage. You block the hound's attack. 😮 HP[+1]
You barely miss the hound. The hound barely misses you.
The hound bites you. 😮 HP[-2]
You take 2 damage, and now have 39/58 hp.
You closely miss the hound. The hound closely misses you.
You furiously retaliate!
You headbutt the hound, but do no damage.
The hound bites you but does no damage.
You barely miss the hound. The hound bites you but does no damage.
You block the hound's attack.
You hit the hound. The hound bites you but does no damage.
You block the hound's attack. 😮 HP[+1]
You hit the hound.
You kill the hound!
Trog accepts your kill.
You start resting. 😎 HP[+18]
Your hp is fully restored (58).
There is a stone staircase leading down, spattered with blood here.
You climb downwards.
The orc hits you with a +0 flail.
The gnoll hits you from afar with a +0 spear.
There is a stone staircase leading up, spattered with blood here. 😕 HP[-6]
You take 6 damage, and now have 52/58 hp.
You closely miss the orc. You headbutt the orc.
The orc hits you with a +0 flail!
The gnoll hits you from afar with a +0 spear. x2 😮 HP[-12]
You take 12 damage, and now have 40/58 hp.
MASSIVE DAMAGE!! (PAUSE)
The orc hits you with a +0 flail. The gnoll completely misses you.
You furiously retaliate!
You headbutt the gnoll, but do no damage.
You block the gnoll's attack. The gnoll closely misses you. 😮 HP[-2]
You take 2 damage, and now have 38/58 hp.
You slash the gnoll! You headbutt the gnoll.
You kill the gnoll!
Trog accepts your kill.
You slash the gnoll! You barely miss the orc. The orc closely misses you.
The gnoll barely misses you. The gnoll closely misses you.
The orc priest barely misses you. The gnoll completely misses you.
The orc hits you with a +0 flail!
The gnoll hits you from afar with a +0 halberd.
* * * LOW HITPOINT WARNING * * *
😨 HP[-12]
You take 12 damage, and now have 26/58 hp.
MASSIVE DAMAGE!! (PAUSE)
You hit the gnoll but do no damage. Your headbutt misses the gnoll.
You hit the orc priest. You hit the orc but do no damage.
The orc priest hits you with a +0 short sword.
* * * LOW HITPOINT WARNING * * *
You block the orc's attack. The gnoll hits you but does no damage.
The gnoll hits you from afar with a +0 halberd!
* * * LOW HITPOINT WARNING * * *
😱 HP[-16]
You take 16 damage, and now have 10/58 hp.
MASSIVE DAMAGE!! (PAUSE)
The orc priest attacks as you move away!
The orc priest hits you but does no damage.
The gnoll attacks as you move away! The gnoll barely misses you.
The orc hits you with a +0 flail.
* * * LOW HITPOINT WARNING * * *
The gnoll closely misses you. The gnoll barely misses you.
There is a stone staircase leading up, spattered with blood here. 😱 HP[-3]
You take 3 damage, and now have 7/58 hp.
Okay, then.
You block the orc priest's attack. The orc hits you with a +0 flail.
* * * LOW HITPOINT WARNING * * *
The gnoll barely misses you.
The gnoll hits you from afar with a +0 halberd!
You die...

Skill      XL: |  1  2  3  4  5  6 |
---------------+-------------------+-----
Fighting       | 4 5 6 |  6.6
Axes           | 3 4 5 |  5.9
Armour         | 4 5 |  5.2
Shields        | |  3.6

Action                   |  1- 3 |  4- 6 || total
-------------------------+-------+-------++-------
Melee: War axe           |    57 |   146 ||   203
       Headbutt          |     7 |    23 ||    30
Armor: Scale mail        |    32 |    86 ||   118
Dodge: Dodged            |    34 |   106 ||   140
Block: Buckler           |    17 |    48 ||    65

Levels and vault maps discovered:
D:1:      onia_arrival_pyramid, layout_basic, serial_curves, eino_curves_04,
          eino_curves_01, hellmonk_ecumenical_altar_run_dry
D:2:      layout_rooms
D:3:      layout_basic, nicolae_overflow_crystal_walls,
          nicolae_overflow_ecumenical_swirl, minmay_misc_feat_rugged,
          nicolae_shop_vocational
D:4:      layout_loops_corners, kennysheep_generic_room_8
D:5:      layout_layer_cave, minmay_temple_entry_glass, serial_co_window_serial,
          co_window_paths_a, co_window_paths_b, co_window_paths_b,
          co_window_of_opportunity_a, co_window_corner_a, co_window_cross_2,
          co_window_unsneaky_path_c, co_window_broadway_b, co_window_4corner_a,
          glass_columns_b, minmay_manual_maat
D:6:      layout_basic, uniq_blork_the_orc
Temple:   hellmonk_temple_of_storms

Notes
Turn   | Place    | Note
-------+----------+-------------------------------------------
     0 | D:1      | Sanktem7 the Minotaur Fighter began the quest for the Orb.
     0 | D:1      | Reached XP level 1. HP: 19/19 MP: 0/0
     0 | D:1      | magus.rc [v1.9.6]
    80 | D:1      | Reached XP level 2. HP: 27/27 MP: 1/1
    81 | D:1      | Reached skill level 4 in Fighting
   124 | D:1      | Found a faded altar of an unknown god.
   328 | D:1      | Reached skill level 3 in Axes
   332 | D:1      | You pick up a book of Lightning and begin reading...
   332 | D:1      | You add the spells Static Discharge, Lightning Bolt and
                  | Maxwell's Capacitive Coupling to your library.
  1002 | D:2      | Reached skill level 4 in Armour
  1002 | D:2      | Reached XP level 3. HP: 33/33 MP: 2/2
  1064 | D:2      | Reached XP level 4. HP: 41/41 MP: 3/3
  1175 | D:2      | Reached skill level 4 in Axes
  1435 | D:2      | You add the spells Ignite Poison, Mephitic Cloud and
                  | Freezing Cloud to your library.
  1471 | D:3      | Found Zyilaosu's Vocational Training.
  1507 | D:3      | Reached skill level 5 in Fighting
  1692 | D:3      | You fall into a shaft and drop 3 floors!
  1706 | D:6      | Reached XP level 5. HP: 48/48 MP: 4/4
  1743 | D:5      | Entered Level 5 of the Dungeon
  1769 | D:5      | Found a staircase to the Ecumenical Temple.
  1819 | D:5      | Reached skill level 5 in Axes
  1822 | D:5      | HP: 7/50 [iguana (13)]
  1823 | D:5      | HP: 1/50 [iguana (7)]
  1826 | D:5      | Reached XP level 6. HP: 1/57 MP: 5/5
  1830 | Temple   | Entered the Ecumenical Temple
  2162 | Temple   | Became a worshipper of Trog the Wrathful
  2334 | D:5      | Reached skill level 6 in Fighting
  2334 | D:5      | Reached skill level 5 in Armour
  3360 | D:3      | Found an iron altar of Okawaru.
  3363 | D:3      | Found a faded altar of an unknown god.
  3452 | D:3      | Found a glowing golden altar of the Shining One.
  3630 | D:3      | You add the spells Sting, Poisonous Vapours and Olgreb's
                  | Toxic Radiance to your library.
  4226 | D:5      | Noticed a yak
  4226 | D:5      | HP: 11/58 [gnoll/+0 halberd (12)]
  4227 | D:5      | HP: 5/58 [gnoll/+0 halberd (6)]
  4619 | D:5      | HP: 10/58 [gnoll/+0 halberd (11)]
  4621 | D:5      | HP: 3/58 [orc/+0 flail (5)]
  4621 | D:5      | Slain by a gnoll

Vanquished Creatures
  A scorpion (D:5)
  A necrophage (D:5)
  2 hounds
  A jelly (D:5)
  2 iguanas (D:5)
  A gnoll (D:5)
  9 adders
  A shadow imp (D:6)
  4 ufetubi
  5 worms
  A dart slug (D:2)
  5 orcs
  4 ball pythons
  8 endoplasms
  5 giant cockroaches
  9 hobgoblins
  4 jackals (D:1)
  2 quokkas
  7 bats
  A frilled lizard (D:1)
  6 goblins
  9 kobolds
  3 rats
91 creatures vanquished.

Table legend:
 A = Non-vault XP
 B = Vault XP
 C = Vault XP percentage of total XP
 D = Non-vault monster count
 E = Vault monster count
 F = Vault count percentage of total count
                 A         B        C        D         E       F
            +---------+---------+-------+---------+---------+-------
      Total |     630 |      54 |   7.9 |      88 |       3 |   3.3
            +---------+---------+-------+---------+---------+-------
        D:1 |      32 |       0 |   0.0 |      21 |       0 |   0.0
        D:2 |     111 |       0 |   0.0 |      28 |       0 |   0.0
        D:3 |      68 |       0 |   0.0 |      15 |       0 |   0.0
        D:4 |      21 |      46 |  68.7 |      10 |       2 |  16.7
        D:5 |     323 |       8 |   2.4 |      10 |       1 |   9.1
        D:6 |      75 |       0 |   0.0 |       4 |       0 |   0.0
            +---------+---------+-------+---------+---------+-------

Illustrated notes

Table legend:
 A = Kills in this place as a percentage of kills in entire the game.
 B = Kills by you in this place as a percentage of kills by you in the entire game.
 C = Kills by friends in this place as a percentage of kills by friends in the entire game.
 D = Other kills in this place as a percentage of other kills in the entire game.
 E = Experience gained in this place as a percentage of experience gained in the entire game.
 F = Experience gained in this place divided by the number of levels of this place that you have seen.
                   A       B       C       D       E      F
               +-------+-------+-------+-------+-------+----------------------
         Total | 100.0 | 100.0 |   N/A |   N/A | 100.0 |  97.7
       Dungeon | 100.0 | 100.0 |   N/A |   N/A | 100.0 | 114.0
               +-------+-------+-------+-------+-------+----------------------

Table legend: (Time is in decaauts)
 A = Elapsed time spent in this place.
 B = Non-inter-level travel time spent in this place.
 C = Inter-level travel time spent in this place.
 D = Time resting spent in this place.
 E = Time spent auto-exploring this place.
 F = Levels seen in this place.
 G = Mean time per level.
                   A        B        C        D        E       F      G
               +--------+--------+--------+--------+--------+-----+--------+
         Total |   4686 |   4423 |    263 |    350 |   3443 |   7 |  669.4 |
       Dungeon |   4347 |   4095 |    252 |    350 |   3134 |   6 |  724.5 |
        Temple |    339 |    328 |     11 |      0 |    309 |   1 |  339.0 |
               +--------+--------+--------+--------+--------+-----+--------+

Top non-repeatable levels by time:
     D:4: 1341 daAuts
     D:3: 992 daAuts
     D:1: 977 daAuts
     D:2: 521 daAuts
     D:5: 460 daAuts
  Temple: 339 daAuts
     D:6: 54 daAuts
